 Dungeon Crawl Stone Soup version 0.25-a0-378-gd2ca0b7745 (webtiles) character file.

Game seed: 16422463221413305641, levelgen mode: deterministic

5679 PentaManta the Nimble (level 10, -1/63 HPs)
             Began as an Octopode Fighter on Jan 7, 2020.
             Was an Elder of Ru.
             Slain by a troll (18 damage)
             ... on level 10 of the Dungeon.
             The game lasted 00:32:13 (10792 turns).

PentaManta the Nimble (Octopode Fighter)           Turns: 10792, Time: 00:32:13

Health: -1/63      AC:  3    Str: 17    XL:     10   Next: 75%
Magic:  10/10      EV: 20    Int: 10    God:    Ru [****..]
Gold:   637        SH: 17    Dex: 14    Spells: 9/9 levels left

rFire    + + .     SeeInvis +   M - +1 hand axe (chop)
rCold    . . .     Gourm    .   b - +1 shield
rNeg     + . .     Faith    .   y - +2 hat
rPois    .         Spirit   .   t - +5 amulet of reflection
rElec    .         Reflect  +   f - ring of see invisible
rCorr    .         Harm     .   o - ring of protection from magic
MR       .....                  r - +2 ring of evasion
Stlth    ++++......             x - ring of protection from fire
HPRegen  0.20/turn              B - ring of stealth
MPRegen  0.12/turn              J - ring of protection from fire
                                z - ring of stealth
                                E - ring of positive energy

@: no status effects
A: almost no armour, stealthy swim, amphibious, 8 rings, constrict 8, camouflage
1, gelatinous body 1, inability to use devices, no fire magic, no necromancy
magic, no summoning magic, magic vulnerability 1
a: Draw Out Power, Power Leap, Renounce Religion


You were on level 10 of the Dungeon.
You worshipped Ru.
Ru was greatly pleased with you.
You were not hungry.

You visited 2 branches of the dungeon, and saw 11 of its levels.
You also visited: Sewer.

You collected 637 gold pieces.

Inventory:

Hand Weapons
 a - a +0 war axe
 i - a +2 short sword of freezing
 p - a +2 dagger of speed
 A - a +2 antimagic whip
 M - a +1 hand axe of chopping (weapon)
 N - the +12 hunting sling "Dotaomi" {flame, Stlth+}
   (You found it on level 7 of the Dungeon)

   It causes projectiles fired from it to burn those they strike, causing extra
   injury to most foes and up to half again as much damage against particularly
   susceptible opponents.
   It makes you more stealthy.
 O - the +7 mace of Variability {chain chaos}
   (You found it on level 9 of the Dungeon)

   Each time it hits an enemy it has a different, random effect.
 P - a +2 mace of draining
Missiles
 g - 51 poisoned darts (quivered)
 k - 2 throwing nets
Armour
 b - a +1 shield (worn)
 y - a +2 hat (worn)
Jewellery
 f - a ring of see invisible (left tentacle)
 o - a ring of protection from magic (right tentacle)
 r - a +2 ring of evasion (on tentacle)
 t - a +5 amulet of reflection (around mantle)
 x - a ring of protection from fire (on tentacle)
 z - a ring of stealth (on tentacle)
 B - a ring of stealth (on tentacle)
 E - a ring of positive energy (on tentacle)
 F - an uncursed ring of fire
 J - a ring of protection from fire (on tentacle)
 L - a +2 ring of strength {unknown}
Wands
 q - a wand of flame (20)
 v - a wand of acid (12)
Scrolls
 m - 3 scrolls of fear
 s - 4 scrolls of blinking
 w - 6 scrolls of teleportation
 C - 2 scrolls of torment {unknown}
 G - a scroll of magic mapping
 H - 2 scrolls of remove curse
 R - a scroll of immolation {unknown}
Potions
 c - 7 potions of might
 e - 6 potions of curing
 h - 4 potions of heal wounds
 j - a potion of invisibility
 l - a potion of berserk rage
 n - a potion of flight
 u - 2 potions of agility
 D - 2 potions of haste
 I - a potion of degeneration {unknown}
 K - a potion of magic {unknown}
Comestibles
 d - 16 rations


   Skills:
 - Level 3.0 Fighting
 + Level 9.1 Axes
 * Level 9.7 Dodging
 * Level 9.7 Shields


You had 9 spell levels left.
You didn't know any spells.
Your spell library contained the following spells:

 Spells                   Type           Power        Failure   Level  Hunger
 Infusion                 Chrm           #...         58%         1    ##.....
 Shroud of Golubria       Chrm/Tloc      #.....       73%         2    ###....
 Song of Slaying          Chrm           #.......     73%         2    ###....
 Ozocubu's Armour         Chrm/Ice       #.......     91%         3    ####...
 Spectral Weapon          Hex/Chrm       #.......     91%         3    ####...


Dungeon Overview and Level Annotations

Branches:
Dungeon (10/15)            Temple (1/1) D:4            Lair (0/6) D:8
  Sewer (visited)
    Orc: D:9-12

Altars:
Ashenzari
Cheibriados
Dithmenos
Elyvilon
Fedhas
Gozag
Hepliaklqana
Kikubaaqudgha
Makhleb
Nemelex Xobeh
Okawaru
Qazlal
Ru
Sif Muna
Trog
Uskayaw
Vehumet
Wu Jian
Xom
Yredelemnul
Zin
The Shining One

Shops:
D:9 :

Annotations:
D:1 exclusion: downstairs
D:10 Gastronok


Innate Abilities, Weirdness & Mutations

You cannot wear most types of armour.
You are very stealthy in the water. (Stealth+)
You are amphibious.
You can wear up to eight rings at the same time.
You can use your tentacles to constrict eight enemies at once.
Your skin changes colour to match your surroundings (Stealth+).
Your rubbery body absorbs attacks. (AC +1, EV +1)
You cannot study or use magical devices.
You cannot study or cast Fire magic.
You cannot study or cast Necromancy magic.
You cannot study or cast Summoning magic.
You are slightly vulnerable to magic. (MR-)


Message History

The troll misses you. You block the troll's attack. The troll claws you.
You focus your will and blind the troll in retribution!
You strike the helpless troll from behind!
You hit the troll.
The troll is severely wounded.
You block the troll's attack. x2; The troll closely misses you.
You completely miss the troll.
The troll is severely wounded.
The troll is no longer blind.
The troll bites you!! You block the troll's attack. The troll claws you!
* * * LOW HITPOINT WARNING * * *
You barely miss the troll.
The troll is severely wounded.
You block the troll's attack. x2; The troll claws you.
* * * LOW HITPOINT WARNING * * *
All of the chunks of flesh in your inventory have rotted away.
You closely miss the troll.
The troll is severely wounded.
The troll bites you!!
You die...

....≈≈≈≈≈≈≈≈≈≈≈≈≈.≈≈≈≈≈.##
..##≈≈≈≈≈≈.≈≈≈≈≈≈≈≈≈≈≈..#
...#≈≈≈≈#≈≈.≈..≈≈.≈..≈.##
...#≈≈≈##........#######
...#≈≈#####'###### ...#≈##
#....#################### .###≈≈
#....#................... .# ###
#....#................... .#
##....#..@T......)........ .#
####.....'................... .#
#..####..#................... .#
#........#................... .#
#........#...................
.####........#...................
.............####################
.............. .w................
...............#.................


You could see a troll.

Vanquished Creatures
  A two-headed ogre (D:9)
  Maurice (D:8)
  Prince Ribbit (D:8)
  A hippogriff (D:8)
  5 yaks
  2 chaos spawn (D:9)
  Duvessa (D:4)
  An eye of draining (D:10)
  A sky beast (D:7)
  4 orc warriors
  A black bear (D:4)
  6 ogres
  A centaur (D:7)
  4 bullfrogs
  6 big kobolds (Sewer)
  Dowan (D:4)
  A scorpion (D:7)
  4 killer bees (D:7)
  2 howler monkeys
  6 crimson imps
  2 orc priests
  A bullfrog zombie (D:8)
  4 hounds
  A bullfrog skeleton (D:5)
  A centaur skeleton (D:4)
  2 jellies
  6 worker ants
  An iguana (D:9)
  3 orc wizards
  A hound skeleton (D:4)
  4 gnolls (D:7)
  14 adders
  3 river rats (Sewer)
  A shadow imp (D:9)
  4 oozes
  5 adder skeletons
  8 worms
  4 dart slugs
  2 leopard geckos
  27 orcs
  3 giant cockroaches
  2 gnoll zombies (D:3)
  13 goblins
  3 hobgoblins
  11 jackals
  4 quokkas
  9 ball pythons
  7 bats
  7 frilled lizards
  8 kobolds
  A quokka skeleton (D:2)
  2 quokka zombies
  10 rats
224 creatures vanquished.

Vanquished Creatures (others)
  A centaur (D:10)
1 creature vanquished.

Grand Total: 225 creatures vanquished

Notes
Turn   | Place    | Note
-------+----------+-------------------------------------------
     0 | D:1      | PentaManta the Octopode Fighter began the quest for the
                  | Orb.
     0 | D:1      | Reached XP level 1. HP: 16/16 MP: 1/1
   211 | D:1      | Reached XP level 2. HP: 18/21 MP: 2/2
   947 | D:2      | Noticed an ogre
  1030 | D:1      | Reached XP level 3. HP: 17/26 MP: 3/3
  1329 | D:2      | Reached XP level 4. HP: 26/31 MP: 4/4
  1340 | D:2      | Killed an ogre
  1340 | D:2      | Reached skill level 5 in Axes
  1340 | D:2      | Reached XP level 5. HP: 11/36 MP: 5/5
  1861 | D:2      | Found a burning altar of Makhleb.
  1879 | D:2      | Found a faded altar of an unknown god.
  1986 | D:2      | Found a snail-covered altar of Cheibriados.
  1987 | D:2      | Found a shattered altar of Ashenzari.
  2516 | D:3      | Found a basalt altar of Yredelemnul.
  2569 | D:3      | Reached XP level 6. HP: 15/42 MP: 6/6
  2924 | D:3      | Found an opulent altar of Gozag.
  3264 | D:4      | Noticed a black bear
  3272 | D:4      | Killed a black bear
  3681 | D:4      | Reached XP level 7. HP: 46/46 MP: 7/7
  3898 | D:4      | Noticed Dowan
  3899 | D:4      | Noticed Duvessa
  3929 | D:4      | Killed Duvessa
  3942 | D:4      | Killed Dowan
  4320 | D:4      | Found a hide-covered altar of Uskayaw.
  4320 | D:4      | Found a shimmering blue altar of Sif Muna.
  4346 | D:4      | Found a staircase to the Ecumenical Temple.
  4364 | Temple   | Entered the Ecumenical Temple
  4369 | Temple   | Became a worshipper of Ru the Awakened
  4669 | D:5      | Entered Level 5 of the Dungeon
  5087 | D:5      | Found a radiant altar of Vehumet.
  5195 | D:5      | Reached XP level 8. HP: 47/52 MP: 8/8
  5213 | D:5      | Reached skill level 5 in Dodging
  5213 | D:5      | Reached skill level 5 in Shields
  5225 | D:5      | Found a glowing drain.
  5234 | Sewer    | Entered a sewer
  5774 | Sewer    | Gained mutation: You cannot study or cast Fire magic. [Ru
                  | sacrifice]
  5774 | Sewer    | Gained mutation: You cannot study or cast Necromancy magic.
                  | [Ru sacrifice]
  5774 | Sewer    | Gained mutation: You cannot study or cast Summoning magic.
                  | [Ru sacrifice]
  5774 | Sewer    | Reached * piety under Ru
  6182 | D:5      | Found a blossoming altar of Fedhas.
  6946 | D:6      | Found a hazy altar of Hepliaklqana.
  6978 | D:6      | You fall into a shaft and drop 2 floors!
  7053 | D:8      | Found a staircase to the Lair.
  7109 | D:8      | Noticed a hippogriff
  7125 | D:8      | Killed a hippogriff
  7125 | D:8      | Reached XP level 9. HP: 48/56 MP: 9/9
  7172 | D:8      | Noticed Prince Ribbit
  7186 | D:8      | Killed Prince Ribbit
  7608 | D:7      | Got a fine hunting sling
  7990 | D:6      | Gained mutation: You are slightly vulnerable to magic.
                  | (MR-) [Ru sacrifice]
  7990 | D:6      | Reached ** piety under Ru
  8045 | D:6      | Found a shadowy altar of Dithmenos.
  8877 | D:7      | Reached XP level 10. HP: 61/63 MP: 3/10
  8997 | D:8      | Identified the +12 hunting sling "Dotaomi" {flame, Stlth+}
                  | (You found it on level 7 of the Dungeon)
  9108 | D:8      | Noticed Maurice
  9125 | D:8      | Killed Maurice
  9444 | D:9      | Found Miasor's Book Shop.
 10101 | D:9      | Noticed a two-headed ogre
 10120 | D:9      | Killed a two-headed ogre
 10153 | D:9      | Gained mutation: You cannot study or use magical devices.
                  | [Ru sacrifice]
 10153 | D:9      | Reached *** piety under Ru
 10153 | D:9      | Reached **** piety under Ru
 10210 | D:9      | Found a shimmering altar of Xom.
 10238 | D:9      | Found the +7 mace of Variability {chain chaos}
 10467 | D:10     | Entered Level 10 of the Dungeon
 10622 | D:10     | Noticed Gastronok
 10792 | D:10     | Slain by a troll

Levels and vault maps discovered:
D:1:      psy_arrival_heroes, layout_basic
D:2:      layout_loops_ring, overflow_temple_1_default,
          gammafunk_temple_overflow_statue, chequers_ecumenical_altar_twisty
D:3:      layout_loops_ring, old_standard_altar, lemuel_zombie_altar_yredelemnul
D:4:      black_bear_nest_1, layout_cave_pods, gammafunk_temple_overflow_pools,
          temple_fountains, first_ration, minivault_4, minmay_misc_feat_tiny,
          uniq_duvessa
D:5:      layout_loops_ring, vehumet_altar_wand_db,
          lemuel_coloured_pillars_altar, cheibrodos_sewer_entry_bend
D:6:      layout_layer_cave, nicolae_dithmenos_through_a_glass_darkly,
          nicolae_overflow_crystal_walls
D:7:      layout_loops_ring, grunt_ogre_cave, minmay_puff
D:8:      layout_loops_ring, lair_entry_dummy, uniq_prince_ribbit1, uniq_maurice
D:9:      layout_roguey, serial_shops,
          nicolae_shop_temple_entry_statues_fountains,
          minmay_guarded_unrand_variability
D:10:     layout_stronghold, orc_0_dummy, chequers_serial_rivers_large_a,
          uniq_gastronok
Temple:   minmay_freezing_vapour_temple

Skill      XL: |  1  2  3  4  5  6  7  8  9 10 |
---------------+-------------------------------+-----
Axes           | 3 4 5 6 7 8 9 |  9.1
Dodging        | 4 6 8 9 |  9.7
Shields        | 4 6 8 9 |  9.7
Fighting       | |  3.0

Action                   |  1- 3 |  4- 6 |  7- 9 | 10-12 || total
-------------------------+-------+-------+-------+-------++-------
Melee: War axe           |    11 |       |       |    57 ||    68
       Short sword       |    18 |     2 |       |       ||    20
       Constrict         |    22 |    16 |    79 |    21 ||   138
       Dagger            |    54 |    86 |   312 |    16 ||   468
       Tentacles         |     8 |    16 |   114 |    48 ||   186
       Whip              |       |       |    99 |    59 ||   158
       Hand axe          |       |       |       |    67 ||    67
Throw: Dart              |       |    11 |    14 |     1 ||    26
Invok: Sacrifice Arcana  |       |       |     1 |       ||     1
       Sacrifice Essence |       |       |     1 |       ||     1
       Sacrifice Artific |       |       |       |     1 ||     1
Evoke: Wand              |       |     2 |     2 |       ||     4
  Use: Scroll            |     6 |     4 |     9 |     1 ||    20
 Stab: Sleeping          |     3 |     8 |    33 |     6 ||    50
       Invisible         |       |       |       |     1 ||     1
  Eat: Chunk             |     1 |     6 |    10 |     8 ||    25
       Ration            |       |       |     2 |       ||     2
Armor: Skin              |    10 |     3 |    21 |     2 ||    36
Dodge: Dodged            |    39 |    29 |   103 |    56 ||   227
Block: Shield            |    32 |    23 |   213 |   136 ||   404
       Reflection        |       |       |     7 |     2 ||     9

Table legend:
 A = Non-vault XP
 B = Vault XP
 C = Vault XP percentage of total XP
 D = Non-vault monster count
 E = Vault monster count
 F = Vault count percentage of total count
                 A         B        C        D         E       F
            +---------+---------+-------+---------+---------+-------
      Total |    5630 |    2484 |  30.6 |     178 |      47 |  20.9
            +---------+---------+-------+---------+---------+-------
        D:1 |      34 |       0 |   0.0 |      20 |       0 |   0.0
        D:2 |     230 |       0 |   0.0 |      28 |       0 |   0.0
        D:3 |     130 |       4 |   3.0 |      14 |       2 |  12.5
        D:4 |     279 |     355 |  56.0 |      12 |       3 |  20.0
        D:5 |     282 |      12 |   4.1 |      21 |       3 |  12.5
        D:6 |     331 |       0 |   0.0 |      12 |       0 |   0.0
        D:7 |    1125 |     379 |  25.2 |      22 |       7 |  24.1
        D:8 |    1548 |     686 |  30.7 |      18 |       2 |  10.0
        D:9 |    1223 |     359 |  22.7 |      17 |       2 |  10.5
       D:10 |     448 |       0 |   0.0 |      14 |       0 |   0.0
      Sewer |       0 |     689 | 100.0 |       0 |      28 | 100.0
            +---------+---------+-------+---------+---------+-------
